 Dungeon Crawl Stone Soup version 0.31-a0-358-gac0dbeb3ab (webtiles) character file.

Game seed: 17916285157649344156

395 randomguy2701 the Covered (level 6, 0/53 HPs)
             Began as a Minotaur Fighter on July 25, 2023.
             Killed from afar by an orc wizard (11 damage)
             ... with a puff of flame
             ... on level 4 of the Dungeon.
             The game lasted 00:04:04 (3260 turns).

randomguy2701 the Covered (Minotaur Fighter)        Turns: 3260, Time: 00:04:05

Health: 0/53       AC:  8    Str: 20    XL:     6   Next: 52%
Magic:  5/5        EV: 10    Int:  5    God:
Gold:   177        SH:  0    Dex: 12    Spells: 5/5 levels left

rFire   . . .        l - +4 trident
rCold   . . .        c - +0 buckler
rNeg    . . .        b - +0 scale mail
rPois   .            (helmet restricted)
rElec   .            (no cloak)
rCorr   .            (no gloves)
SInv    .            m - +0 pair of boots
Will    .....        (no amulet) Stlth
                     f - ring of flight
HPRegen 0.28/turn    (no ring)
MPRegen 0.09/turn

%: no passive effects
@: confused, mighty, flying
A: horns 2, retaliatory headbutt
a: no special abilities


You were on level 4 of the Dungeon.
You visited 1 branch of the dungeon, and saw 4 of its levels.

You collected 219 gold pieces.
You spent 42 gold pieces at shops.

Inventory:

Hand Weapons
 a - a +0 war axe
 l - a +4 trident (weapon)
Armour
 b - a +0 scale mail (worn)
 c - a +0 buckler (worn)
 m - a +0 pair of boots (worn)
Jewellery
 f - a ring of flight (left hand)
Wands
 o - a wand of polymorph (1)
Scrolls
 e - a scroll of enchant armour {unknown}
 i - 2 scrolls of teleportation {unknown}
 k - a scroll of noise {unknown}
 n - a scroll of enchant weapon {unknown}
 p - 4 scrolls of amnesia {unknown}
 q - a scroll of torment {unknown}
Potions
 g - 3 potions of cancellation {unknown}
 h - a potion of curing
 j - a potion of degeneration {unknown}
 r - a potion of brilliance {unknown}


   Skills:
 + Level 4.4 Fighting
 + Level 4.1(5.2) Axes
 + Level 4.7(5.5) Polearms
 + Level 4.9 Armour
 + Level 1.8 Dodging
 + Level 4.2 Shields


You had 5 spell levels left.
You didn't know any spells.
Your spell library contained the following spells:

 Spells                   Type           Power      Damage    Failure   Level
 Magic Dart               Conj           0%         1d3       87%         1
 Sandblast                Erth           0%         2d4       87%         1
 Call Imp                 Summ           0%         N/A       95%         2
 Passwall                 Tmut/Erth      0%         N/A       95%         2
 Sublimation of Blood     Necr           0%         N/A       95%         2
 Wereblood                Tmut           0%         N/A       95%         2
 Call Canine Familiar     Summ           0%         N/A       99%         3
 Mephitic Cloud           Conj/Pois/Air  0%         N/A       99%         3
 Portal Projectile        Hex/Tloc       0%         N/A       99%         3
 Stone Arrow              Conj/Erth      0%         3d7       99%         3
 Leda's Liquefaction      Hex/Erth       0%         N/A       100%        4
 Summon Hydra             Summ           0%         N/A       100%        7


Dungeon Overview and Level Annotations

Branches:
Dungeon (4/15)             Temple (0/1) D:4

Altars:
Uskayaw

Shops:
D:2 !


Innate Abilities, Weirdness & Mutations

You have a pair of horns on your head.
You reflexively headbutt those who attack you in melee.


Message History

You are no longer poisoned.
The orc hits you but does no damage. The orc closely misses you.
Unknown command.
You puncture the orc!
You kill the orc!
The orc hits you but does no damage.
You barely miss the orc. Something hits you but does no damage.
The orc hits you but does no damage. The orc closely misses you.
Something hits you but does no damage. The orc attacks as you move away!
The orc hits you with a +0 falchion.
* * * LOW HITPOINT WARNING * * *
You puncture the orc!
You kill the orc!
Something hits you but does no damage.
You're too confused to move!
You feel less confused. Something hits you but does no damage.
You miss something. Something hits you but does no damage.
You closely miss something. Your headbutt misses something.
Something hits you but does no damage.
You barely miss something. Something hits you but does no damage.
You hear some strange, mumbled words.
You are confused.
Things that are here:
a +0 falchion; an adder corpse Something hits you but does no damage.
Things that are here:
a +0 club; an orc corpse You bump into the rock wall.
Something hits you but does no damage.
You're too confused to move!
Something hits you but does no damage.
A hound comes into view.
You feel less confused.
You hear some strange, mumbled words.
You are confused.
An orc wizard appears from thin air!
Reactivating autopickup.
The orc wizard casts a spell at you. The puff of flame hits you!
You die...

###.......).....
#####........PP♣♣♣..
##..#.#.....P♣..♣♣♣PP
####...........♣♣.PP....
###..#......h....♣...♣....
#.#...............8.8.....
#.................._......
#.......#.......8.8....♣
#.[#)).@##.....♣...♣...♣
#....o.##..............♣
..#....#..................
.....................##....
#.......##...##......##....
#.......#..................
#..............#...........
#..#........PP..#.##.......
##.##....<...♣.....#......♣


You could see a hound and an orc wizard.

Vanquished Creatures
  A hound (D:4)
  A jelly (D:4)
  2 orc priests (D:4)
  A gnoll bouda (D:3)
  An iguana (D:3)
  Robin (D:2)
  5 gnolls (D:3)
  5 adders
  3 worms
  4 dart slugs
  4 orcs
  6 ball pythons
  8 endoplasms
  4 giant cockroaches
  11 goblins
  7 hobgoblins
  4 jackals
  10 kobolds
  3 quokkas
  6 bats
  5 frilled lizards
  10 rats
102 creatures vanquished.

Notes
Turn   | Place    | Note
-------+----------+-------------------------------------------
     0 | D:1      | randomguy2701 the Minotaur Fighter began the quest for the
                  | Orb.
     0 | D:1      | Reached XP level 1. HP: 19/19 MP: 0/0
   199 | D:1      | Reached XP level 2. HP: 27/27 MP: 1/1
   565 | D:1      | You fall into a shaft and drop 1 floor!
   671 | D:2      | Reached XP level 3. HP: 33/33 MP: 2/2
  1069 | D:2      | Noticed Robin
  1082 | D:2      | Killed Robin
  1083 | D:2      | Reached XP level 4. HP: 35/40 MP: 3/3
  1134 | D:2      | Found Toni's Distillery.
  1152 | D:2      | Bought a potion of curing for 42 gold pieces
  2111 | D:3      | Reached skill level 1 in Polearms
  2271 | D:3      | Reached XP level 5. HP: 46/46 MP: 4/4
  2993 | D:4      | Found a staircase to the Ecumenical Temple.
  2999 | D:4      | Reached skill level 1 in Dodging
  3002 | D:4      | Reached XP level 6. HP: 51/53 MP: 5/5
  3067 | D:4      | Found a hide-covered altar of Uskayaw.
  3228 | D:4      | HP: 2/53 [orc/+0 falchion (5)]
  3260 | D:4      | Killed from afar by an orc wizard

Illustrated notes

Levels and vault maps discovered:
D:1:      heliophobic_arrival_enchanted_forest, layout_loops_corners,
          nrook_campfire
D:2:      layout_loops_ring, serial_shops, shop_coins, uniq_robin
D:3:      layout_basic, reono_crystal_passage
D:4:      layout_cave_pools, minmay_temple_entry_proselytizer, serial_park,
          serial_park_tiny_1, serial_park_paths [serial_park_minivault_5x5_4],
          serial_park_gazebo [serial_park_minivault_5x5_2], serial_park_tiny_2,
          serial_park_square3 [serial_park_minivault_5x5_4]

Skill      XL: |  1  2  3  4  5  6 |
---------------+-------------------+-----
Armour         | 4 |  4.9
Axes           | 3 4 |  4.1
Fighting       | 4 |  4.4
Shields        | 4 |  4.2
Polearms       | 1 3 4 |  4.7
Dodging        | 1 |  1.8

Action                     |  1- 3 |  4- 6 || total
---------------------------+-------+-------++-------
  Melee: War axe           |    87 |    27 ||   114
         Headbutt          |     7 |    13 ||    20
         Trident           |       |   115 ||   115
    Use: Potion            |       |     2 ||     2
 Armour: Scale mail        |    56 |    61 ||   117
  Dodge: Dodged            |    29 |    49 ||    78
  Block: Buckler           |    10 |    36 ||    46

Table legend: (Time is in decaauts)
 A = Elapsed time spent in this place.
 B = Non-inter-level travel time spent in this place.
 C = Inter-level travel time spent in this place.
 D = Time resting spent in this place.
 E = Time spent auto-exploring this place.
 F = Levels seen in this place.
 G = Mean time per level.
                   A        B        C        D        E       F      G
               +--------+--------+--------+--------+--------+-----+--------+
         Total |   3316 |   3147 |    169 |      0 |   2565 |   4 |  829.0 |
       Dungeon |   3316 |   3147 |    169 |      0 |   2565 |   4 |  829.0 |
               +--------+--------+--------+--------+--------+-----+--------+

Top non-repeatable levels by time:
     D:3: 1148 daAuts
     D:1: 947 daAuts
     D:2: 850 daAuts
     D:4: 370 daAuts
